AoeStats
← BenJames

Arena

506546957Analyzed
4v4 RM · 17d ago on Sep 14, 2026· 55m 34s· 8 players
Game mode
Random Map
Map size
Large (8 player)
Population
200
Speed
Normal
Resources
Standard
Victory
Conquest
Starting age
Dark Age
Ending age
Imperial Age
RankedLock teamsTeams togetherTeam positionsShared explorationLock speedFull tech treeHidden civsTurbo modeCheats
Victory
Defeat
🇨🇳 Hindustanis · China
1184
+14
🇨🇦 Portuguese · Canada
1181
+15
🇮🇱 Turks · Israel
1176
+15
🇨🇴 Turks · Colombia
1121
+18
🇲🇽 Mongols · Mexico
1185
-17
🇲🇽 Spanish · Mexico
1165
-16
🇺🇸 Franks · United States
1132
-15
🇺🇸 Khmer · United States
1115
-14
López Obrador
10:29 Feudal Age
14:38 Castle Age
13:49 Double-Bit Axe
13:45 Horse Collar
23:28 Fletching
25:11 Loom
31:30 Imperial Age
30:09 Bodkin Arrow
32:55 Conscription
39:21 Capped Ram
43:05 Wheelbarrow
chicarcas
11:24 Feudal Age
16:05 Castle Age
15:52 Double-Bit Axe
15:48 Horse Collar
28:35 Wheelbarrow
31:25 Imperial Age
29:10 Bow Saw
29:00 Heavy Plow
31:01 Hand Cart
31:03 Scale Barding Armor
31:10 Gold Mining
33:27 Chemistry
33:35 Two-Man Saw
34:16 Fletching
39:24 Light Cavalry
40:05 Husbandry
40:15 Bloodlines
40:26 Chain Barding Armor
41:44 Hussar
43:19 Plate Barding Armor
baileyreneem
5:06 Loom
12:41 Feudal Age
14:02 Wheelbarrow
13:18 Double-Bit Axe
23:57 Castle Age
26:29 Bow Saw
26:40 Scale Barding Armor
26:46 Forging
26:40 Husbandry
27:18 Fletching
29:31 Chain Barding Armor
32:03 Murder Holes
33:35 Fortified Wall
33:29 Bodkin Arrow
34:10 Iron Casting
37:37 Imperial Age
37:04 Padded Archer Armor
38:06 Gold Mining
39:45 Conscription
38:53 Cavalier
41:31 Plate Barding Armor
41:57 Blast Furnace
42:38 Leather Archer Armor
42:47 Chivalry
45:02 Paladin
45:49 Scale Mail Armor
47:16 Pikeman
47:42 Gambesons
50:29 Hand Cart
Omartinezt
11:14 Feudal Age
14:41 Castle Age
14:15 Double-Bit Axe
16:13 Wheelbarrow
24:54 Horse Collar
28:00 Bow Saw
30:58 Imperial Age
30:17 Hand Cart
30:05 Heavy Plow
29:57 Gold Mining
29:58 Stone Mining
29:46 Pikeman
31:09 Forging
31:05 Scale Barding Armor
30:51 Fletching
31:01 Padded Archer Armor
32:38 Iron Casting
32:03 Scale Mail Armor
31:26 Halberdier
31:53 Arson
33:10 Stone Shaft Mining
33:10 Gold Shaft Mining
33:07 Crop Rotation
32:29 Loom
33:13 Bodkin Arrow
33:39 Chain Barding Armor
34:21 Double Crossbow
34:44 Conscription
37:01 Fortified Wall
37:53 Chemistry
38:23 Elite Ballista Elephant
40:38 Chain Mail Armor
eward17
10:56 Feudal Age
11:46 Double-Bit Axe
15:03 Castle Age
13:26 Horse Collar
15:54 Bow Saw
15:45 Heavy Plow
21:42 Wheelbarrow
21:03 Gold Mining
21:59 Stone Mining
23:32 Stone Shaft Mining
27:58 Imperial Age
25:16 Loom
25:47 Hand Cart
26:18 Ballistics
26:48 Scale Mail Armor
26:58 Forging
26:54 Scale Barding Armor
28:26 Chain Mail Armor
28:46 Iron Casting
27:35 Pikeman
28:00 Arson
29:31 Siege Engineers
29:18 Halberdier
31:07 Conscription
31:44 Elite Organ Gun
32:48 Conscription
33:29 Plate Mail Armor
33:34 Iron Casting
34:16 Chemistry
35:48 Arquebus
39:12 Masonry
52:18 Two-Man Saw
50:43 Spies/Treason
51:39 Circumnavigation
BenJames
11:14 Feudal Age
12:31 Loom
15:16 Castle Age
13:19 Double-Bit Axe
15:00 Horse Collar
15:12 Gold Mining
16:11 Bow Saw
17:11 Heavy Plow
31:23 Imperial Age
30:03 Forging
30:29 Bloodlines
30:20 Husbandry
31:36 Wheelbarrow
33:12 Scale Barding Armor
35:20 Iron Casting
36:49 Heavy Camel Rider
39:59 Gold Shaft Mining
40:26 Two-Man Saw
39:45 Hand Cart
43:09 Blast Furnace
42:31 Chain Barding Armor
44:15 Conscription
47:55 Plate Barding Armor
47:42 Elite Janissary
50:44 Artillery
51:18 Stone Mining
51:19 Town Watch
51:45 Spies/Treason
Spitfire
10:45 Feudal Age
15:08 Castle Age
13:38 Double-Bit Axe
14:02 Horse Collar
16:07 Bow Saw
15:57 Loom
21:00 Fletching
24:56 Padded Archer Armor
26:28 Bodkin Arrow
28:44 Gold Mining
30:39 Wheelbarrow
33:47 Imperial Age
32:18 Leather Archer Armor
33:22 Gold Shaft Mining
35:50 Murder Holes
38:12 Ring Archer Armor
37:43 Bracer
38:59 Conscription
41:12 Elite Janissary
42:23 Hand Cart
42:47 Artillery
43:51 Thumb Ring
46:39 Heavy Plow
47:46 Two-Man Saw
52:29 Spies/Treason
54:38 Sappers
55:49 Hoardings
55:36 Scale Barding Armor
55:43 Forging
55:37 Squires
55:22 Arson
56:00 Ballistics
55:51 Masonry
56:10 Parthian Tactics
55:07 Crossbowman
55:10 Capped Ram
55:12 Heavy Scorpion
55:43 Town Watch
56:22 Sipahi
435589836
0:45 Loom
10:15 Feudal Age
14:20 Castle Age
12:17 Double-Bit Axe
15:17 Wheelbarrow
21:36 Bow Saw
22:55 Gold Mining
24:21 Gold Shaft Mining
25:08 Scale Barding Armor
25:14 Forging
27:09 Bloodlines
27:00 Husbandry
29:55 Imperial Age
27:41 Hand Cart
30:12 Grand Trunk Road
31:03 Conscription
30:10 Heavy Camel Rider
33:17 Chain Barding Armor
33:33 Iron Casting
32:56 Imperial Camel Rider
35:53 Blast Furnace
36:34 Man-at-Arms
37:15 Squires
37:00 Arson
37:39 Long Swordsman
39:00 Two-Handed Swordsman
39:46 Scale Mail Armor
40:22 Plate Barding Armor
41:31 Champion
42:31 Chain Mail Armor
45:17 Fletching
45:19 Town Watch
46:42 Two-Man Saw
45:26 Horse Collar
48:43 Town Patrol
48:45 Heavy Plow
49:18 Coinage
48:48 Caravan
48:49 Bodkin Arrow
48:55 Padded Archer Armor
51:02 Bracer
51:18 Leather Archer Armor
51:39 Banking
50:38 Light Cavalry
50:42 Pikeman
51:16 Stone Mining
53:27 Spies/Treason
Connection lost

Rejoining the realm…

Still unreachable

The connection could not be restored.

Session expired

The server has moved on; the page needs a fresh start.